Map: Lerilak Crest

Players

Renegade - Winner!

  • Race: Zerg Zerg
  • League: Platinum

LilDicky

  • Race: Terran Terran
  • League: Diamond

VOD

http://www.twitch.tv/tumescentpie

Description

Time

  • Played on: Dec. 1, 2015, 8:29 p.m.
  • Length: 20:40
Show
View Real Time Build Order
Export as new Build Order

Renegade Zerg - Winner!

Build Orders: Hatch First 

Get SALT Encoding   

  12  0:01  Drone  
  13  0:13  Overlord  
  13  0:19  Drone  
  14  0:31  Drone  
  14  0:32  Drone  
  16  0:36  Drone  
  17  0:46  Drone  
  18  0:57  Hatchery  
  18  1:00  Drone  
  18  1:13  Spawning Pool  
  18  1:16  Drone  
  18  1:20  Drone  
  19  1:26  Extractor  
  18  1:34  Drone  
  19  1:40  Drone  
  20  1:54  Overlord  
  20  2:01  Queen  
  20  2:06  Zergling x2, Extractor  
  23  2:13  Queen  
  25  2:15  Drone  
  25  2:16  Drone  
  25  2:21  Overlord  
  28  2:37  Drone x3  
  28  2:40  Queen  
  28  2:42  Metabolic Boost  
  32  2:58  Queen  
  32  3:00  Drone x2  
  32  3:01  Drone x2  
  38  3:10  Drone  
  38  3:11  Drone x3  
  38  3:12  Drone  
  43  3:30  Drone  
  43  3:31  Lair  
  44  3:39  Extractor  
  44  3:40  Extractor  
  42  3:50  Hatchery, Extractor  
  40  4:00  Evolution Chamber  
  40  4:01  Evolution Chamber  
  38  4:09  Drone x5  
  44  4:10  Drone  
  44  4:14  Overlord x2  
  44  4:31  Overlord x3  
  43  4:39  Hydralisk Den  
  43  4:45  Zergling x10  
  46  4:46  Zergling x2  
  48  4:55  Zerg Ground Armor Level 1  
  48  4:57  Zerg Missile Weapons Level 1  
  48  4:59  Drone  
  43  5:15  Zergling x6  
  43  5:19  Hydralisk x2  
  50  5:33  Zergling x10  
  54  5:45  Hydralisk x3  
  54  5:46  Hydralisk  
  60  5:54  Hydralisk x2  
  61  6:05  Hydralisk  
  61  6:06  Hydralisk  
  61  6:07  Drone  
  61  6:09  Drone  
  66  6:22  Zergling x12  
  65  6:29  Zergling x6  
  68  6:36  Zergling x6  
  68  6:38  Drone  
  72  6:42  Drone  
  72  6:43  Drone  
  74  6:53  Drone x4  
  74  6:54  Drone x2  
  80  7:02  Infestation Pit  
  79  7:16  Hydralisk x5  
  82  7:37  Hydralisk x5  
  77  7:38  Hydralisk x2  
  85  7:46  Zergling x2  
  85  7:47  Zergling x2  
  87  7:58  Drone x2  
  87  7:59  Drone  
  90  8:08  Muscular Augments  
  90  8:09  Hive  
  90  8:13  Overlord x3  
  90  8:18  Hatchery  
  89  8:35  Drone x6, Extractor  
  89  8:36  Drone x2, Extractor  
  89  8:38  Zergling x2  
  89  8:39  Zergling x12  
  102  8:47  Zerg Ground Armor Level 2  
  102  8:48  Zerg Missile Weapons Level 2  
  102  8:54  Overseer x2  
  102  9:03  Zergling x4  
  102  9:04  Zergling x4  
  102  9:08  Pneumatized Carapace  
  106  9:15  Spore Crawler  
  106  9:16  Drone  
  106  9:18  Overlord x5  
  106  9:36  Lurker Den, Ultralisk Cavern  
  106  9:37  Spore Crawler  
  104  9:45  Overlord  
  104  9:58  Hydralisk x3  
  104  9:59  Hydralisk x5  
  115  10:00  Hydralisk  
  115  10:03  Drone  
  122  10:11  Drone x3  
  125  10:21  Spore Crawler  
  124  10:30  Ultralisk  
  121  10:56  Viper x3  
  130  11:03  Spore Crawler  
  135  11:04  Ultralisk x2, Spore Crawler x2  
  135  11:08  Chitinous Plating  
  139  11:26  Ultralisk x2  
  133  12:07  Drone x2, Spine Crawler  
  133  12:08  Drone x7  
  135  12:09  Drone  
  138  12:16  Hatchery  
  137  12:38  Spine Crawler  
  130  13:06  Zergling x12  
  136  13:28  Ultralisk x3, Extractor x2  
  152  13:39  Zerg Ground Armor Level 3  
  152  13:40  Zerg Missile Weapons Level 3  
  152  13:43  Overlord x3  
  152  13:58  Spire  
  151  14:04  Zergling x2  
  151  14:05  Zergling x18  
  151  14:08  Drone  
  162  14:10  Drone x3  
  166  14:17  Drone x4  
  169  14:44  Lurker x2  
  169  14:45  Lurker  
  169  15:28  Greater Spire  
  165  15:43  Queen  
  165  15:44  Drone x2  
  169  15:52  Hatchery  
  169  15:56  Overlord  
  168  15:57  Overlord  
  168  15:58  Overlord  
  168  15:59  Overlord  
  168  16:00  Overlord  
  168  16:01  Overlord  
  168  16:02  Overlord  
  168  16:11  Spore Crawler  
  167  16:12  Spore Crawler  
  166  16:20  Hatchery  
  164  16:47  Mutalisk x4  
  164  16:48  Mutalisk x6  
  184  17:01  Mutalisk x3  
  183  17:40  Drone x5  
  183  17:41  Drone x6  
  183  17:42  Drone  
  194  17:57  Corruptor x3  
  200  18:07  Hatchery  
  200  18:09  Extractor x2  
  200  18:11  Zerg Flyer Armor Level 1  
  197  18:13  Zerg Melee Weapons Level 1  
  197  18:19  Spore Crawler  
  196  18:20  Drone x3  
  196  18:21  Drone  
  196  18:22  Spore Crawler  
  199  18:55  Mutalisk  
  192  19:03  Zergling x14  
  199  19:13  Overlord  
  199  19:26  Hatchery  
  199  19:27  Drone  
  199  19:28  Drone x4, Extractor  
  200  19:32  Overlord x2  
  200  19:58  Spine Crawler  
  199  20:00  Spine Crawler x2  
  199  20:03  Spine Crawler  
  199  20:06  Spore Crawler  
Show
View Real Time Build Order
Export as new Build Order

LilDicky Terran 

Build Orders: Reaper Expand 

Get SALT Encoding   

  12  0:03  SCV  
  13  0:15  SCV  
  13  0:18  Supply Depot  
  14  0:25  Refinery  
  14  0:28  SCV  
  15  0:40  SCV  
  16  0:47  Barracks  
  16  0:53  SCV  
  17  1:05  SCV  
  18  1:12  Refinery  
  18  1:19  SCV  
  19  1:33  Reaper  
  20  1:50  Command Center  
  20  2:00  Orbital Command  
  21  2:19  Factory  
  20  2:24  Barracks Reactor  
  20  2:26  SCV  
  21  2:34  Supply Depot  
  21  2:41  SCV  
  22  2:53  SCV  
  23  3:00  Supply Depot  
  23  3:02  Orbital Command  
  24  3:12  Reaper x2, Factory Reactor  
  25  3:15  SCV  
  26  3:27  SCV  
  26  3:28  SCV  
  28  3:38  Armory  
  28  3:44  Reaper x2  
  28  3:45  SCV x2  
  31  3:49  Hellion x2  
  35  3:57  SCV  
  35  3:58  SCV  
  37  4:11  SCV, Hellion x2  
  42  4:19  Reaper x2  
  42  4:20  Command Center  
  44  4:27  SCV  
  44  4:28  SCV  
  46  4:33  Engineering Bay  
  46  4:34  Terran Vehicle Weapons Level 1  
  46  4:47  SCV  
  46  4:50  SCV  
  46  4:52  Supply Depot  
  48  4:53  Reaper  
  48  4:55  Reaper  
  48  4:59  SCV  
  42  5:32  Hellion x2  
  46  5:46  Reaper x2  
  47  5:53  Hellion  
  47  5:54  Hellion  
  51  6:06  Orbital Command  
  51  6:12  Barracks x3  
  51  6:13  Supply Depot, Starport  
  51  6:15  Hellion x2  
  47  6:35  Supply Depot  
  47  6:36  Hellion x2  
  51  6:41  Marine x2  
  51  6:43  Orbital Command  
  51  6:44  SCV  
  51  6:46  Supply Depot  
  54  6:55  Command Center  
  54  6:57  Starport Reactor  
  54  6:59  Marine  
  54  7:00  Hellion x2, Barracks Tech Lab x2  
  54  7:01  Barracks Reactor  
  59  7:05  Refinery  
  59  7:07  Refinery  
  59  7:10  Marine  
  59  7:15  Orbital Command  
  55  7:32  Marine  
  55  7:34  Marine  
  42  7:45  Marine x4  
  42  7:48  SCV x3  
  42  7:50  Marine  
  45  7:52  Marine  
  45  7:54  Hellion  
  45  7:55  Hellion  
  45  7:56  Medivac x2  
  45  7:58  Combat Shields  
  54  7:59  Stimpack  
  54  8:00  SCV x2  
  54  8:02  Marine  
  54  8:03  Barracks, Marine x3  
  54  8:04  Terran Infantry Weapons Level 1, Barracks x3  
  60  8:07  SCV, Engineering Bay, Marine  
  60  8:09  Marine  
  63  8:20  Marine, Hellbat x2  
  68  8:33  SCV, Orbital Command  
  69  8:35  SCV  
  69  8:39  Marine x2  
  72  8:44  Hellbat x2  
  72  8:45  Marine, Medivac x2  
  81  8:50  Marine x2  
  81  8:51  Marine  
  81  8:53  Orbital Command  
  84  9:03  Barracks Tech Lab x2  
  84  9:04  Barracks Reactor  
  84  9:12  Barracks Reactor  
  84  9:13  SCV, Marine  
  84  9:14  Marine  
  84  9:16  SCV  
  84  9:17  SCV  
  89  9:19  SCV  
  89  9:21  Marine  
  91  9:24  Terran Infantry Armor Level 1  
  91  9:26  SCV  
  91  9:30  Marine x2  
  94  9:32  Supply Depot  
  94  9:34  Concussive Shells  
  94  9:35  Marine  
  94  9:36  Marine  
  94  9:37  Marauder  
  98  9:40  SCV  
  98  9:41  SCV  
  98  9:42  SCV  
  98  9:43  Marine  
  102  10:00  Marine x6  
  102  10:01  Marauder x2  
  112  10:09  Marine x4  
  112  10:10  Medivac  
  112  10:11  Widow Mine x2, Medivac  
  124  10:19  SCV x4  
  128  10:22  Supply Depot, Marine  
  128  10:23  Supply Depot x2  
  128  10:25  Terran Infantry Weapons Level 2  
  129  10:31  SCV  
  116  10:54  Marine x5  
  116  10:55  Marauder x2  
  117  11:00  Marine x2  
  117  11:01  Marauder  
  121  11:06  Marine  
  121  11:07  Marine  
  121  11:10  Supply Depot  
  121  11:11  SCV x3  
  124  11:12  SCV, Supply Depot, Marine x5  
  124  11:16  Marine  
  124  11:17  Marauder  
  135  11:23  SCV  
  135  11:24  SCV x2  
  137  11:33  Missile Turret  
  137  11:35  Missile Turret  
  137  11:36  Missile Turret  
  100  11:49  Liberator x2, Marine x12  
  109  12:07  Marine x7  
  109  12:08  Marauder x4  
  123  12:14  Command Center, Marine  
  124  12:18  Refinery  
  124  12:20  Refinery  
  120  12:25  Marine x5  
  125  12:33  Marine  
  125  12:34  Marine x6  
  132  12:38  Terran Infantry Armor Level 2  
  132  12:42  Marine x3  
  94  13:06  Medivac x2  
  94  13:10  SCV  
  94  13:11  SCV x3, Marine x3  
  94  13:12  Marine x7  
  105  13:17  Marine x2  
  107  13:20  Starport  
  107  13:22  SCV, Terran Infantry Weapons Level 3  
  107  13:23  SCV  
  107  13:26  Terran Vehicle And Ship Armor Level 1  
  109  13:29  Hellion, Marine x4  
  109  13:31  Marauder x2  
  119  13:36  Medivac x2  
  119  13:37  Marine  
  119  13:38  Marauder x2  
  128  13:48  Marine x2  
  129  13:49  Marine x5  
  129  13:50  Missile Turret  
  129  13:51  Marine x2  
  129  13:54  Planetary Fortress  
  129  13:55  Marine  
  138  13:59  Marine x2  
  140  14:17  Marine  
  140  14:18  Marine  
  140  14:19  Marauder, Marine  
  140  14:20  Medivac x2  
  148  14:42  Marine  
  148  14:44  Marine  
  148  14:45  Marine x10  
  158  14:50  Medivac  
  158  15:00  Marine  
  158  15:02  Marine  
  158  15:03  Marauder x2, Marine x8  
  143  15:30  Marine  
  143  15:31  Marine x5  
  143  15:32  Medivac x2  
  147  15:41  Marine  
  147  15:42  Marine  
  145  15:45  Marine x2  
  147  15:50  Starport Reactor  
  147  16:02  Medivac  
  149  16:18  Marine x2  
  150  16:19  Marauder x2  
  125  16:47  Marine  
  125  16:48  Marine x11  
  125  16:51  Medivac x3  
  105  17:05  Marine  
  105  17:06  Marauder x3, Marine x8  
  115  17:23  Marine x7  
  115  17:24  Marine x2  
  115  17:27  Marine  
  115  17:28  Marauder x2  
  127  17:41  Marine x8  
  127  17:42  Marauder  
  137  17:45  Marine  
  137  17:49  Marine x2  
  128  17:58  Marine  
  128  17:59  Marine x3  
  128  18:03  Marine x2  
  128  18:04  Marine x4  
  124  18:06  Marine x2  
  124  18:16  Marine  
  124  18:17  Marine x3  
  128  18:21  Marine x5  
  128  18:23  Marine  
  128  18:24  Marine x2  
  136  18:34  Marine  
  136  18:35  Marine x3  
  136  18:39  Marine x5  
  87  20:10  Marine  
  87  20:11  Marine x4  
  87  20:12  Marauder x4  
Tags
 
Add a new tag
Caveats
  • Supply blocks, unpowered buildings, or Contaminate may cause inaccurate times.
  • Supply counts are checked every 10 seconds.